AoeStats
← M@nqu!to

Arabia

505583038Analyzed
2v2 RM · 21d ago on Sep 10, 2026· 29m 48s· 4 players
Game mode
Random Map
Map size
Medium (4 player)
Population
200
Speed
Normal
Resources
Standard
Victory
Conquest
Starting age
Dark Age
Ending age
Imperial Age
RankedLock teamsTeams togetherTeam positionsShared explorationLock speedFull tech treeHidden civsTurbo modeCheats
Victory
Defeat
🇦🇷 Ethiopians · Argentina
1346
+12
🇦🇷 Persians · Argentina
1316
+14
🇵🇪 Khmer · Peru
1287
-14
🇵🇪 Koreans · Peru
1245
-12
DS_Moustachon
5:16 Loom
9:27 Feudal Age
10:53 Double-Bit Axe
11:31 Fletching
23:01 Castle Age
22:11 Padded Archer Armor
22:27 Gold Mining
23:56 Bodkin Arrow
23:31 Crossbowman
24:37 Bow Saw
27:16 Gold Shaft Mining
26:26 Horse Collar
28:38 Ballistics
28:08 Heated Shot
Mirak
6:31 Loom
8:51 Feudal Age
9:21 Double-Bit Axe
20:22 Castle Age
19:10 Forging
19:21 Bloodlines
19:56 Horse Collar
20:58 Scale Barding Armor
23:14 Chain Barding Armor
24:10 Husbandry
30:28 Iron Casting
M@nquito 2.0
10:09 Feudal Age
15:34 Loom
16:04 Forging
19:28 Double-Bit Axe
25:52 Castle Age
24:48 Bloodlines
26:10 Light Cavalry
28:22 Scale Barding Armor
28:38 Husbandry
M@nqu!to
7:21 Loom
9:44 Feudal Age
11:08 Man-at-Arms
13:41 Fletching
15:07 Scale Mail Armor
16:36 Town Watch
24:03 Castle Age
23:32 Horse Collar
24:50 Pikeman
Connection lost

Rejoining the realm…

Still unreachable

The connection could not be restored.

Session expired

The server has moved on; the page needs a fresh start.